 Dungeon Crawl Stone Soup version 0.30.0-30-g96aa6591b8 (webtiles) character file.

Game seed: 13686743853393385533

257 McKennaii the Conjurer (level 5, -3/38 HPs)
             Began as a Demigod Conjurer on June 29, 2023.
             Slain by a goblin
             ... wielding a +1 dagger of venom
             ... led by Robin
              (4 damage)
             ... on level 3 of the Dungeon.
             The game lasted 00:03:20 (2020 turns).

McKennaii the Conjurer (Demigod Conjurer)           Turns: 2020, Time: 00:03:21

Health: -3/38      AC:  3    Str:  8    XL:     5   Next: 61%
Magic:  2/13       EV: 12    Int: 24    God:
Gold:   85         SH:  0    Dex: 12    Spells: 8/11 levels left

rFire   + . .        h - +2 dagger (venom)
rCold   + . .        (no shield)
rNeg    . . .        a - +0 robe
rPois   +            f - +0 helmet
rElec   +            (no cloak)
rCorr   +            (no gloves)
SInv    .            (no boots)
Will    .....        (no amulet)
Stlth   ++           (no ring)
HPRegen 0.26/turn    (no ring)
MPRegen 0.13/turn

%: no passive effects
@: mighty, lethally poisoned (-3 -> -6), resistant, flying
A: high MP 1, forlorn, divine attributes, deterioration 1, subdued magic 1,
devolution 1
a: no special abilities


You were on level 3 of the Dungeon.
You visited 1 branch of the dungeon, and saw 3 of its levels.

You collected 115 gold pieces.
You spent 30 gold pieces at shops.

Inventory:

Hand Weapons
 h - a +2 dagger of venom (weapon)
Armour
 a - a +0 robe (worn)
 f - a +0 helmet (worn)
Scrolls
 c - a scroll of acquirement {unknown}
 d - 4 scrolls of identify {unknown}
 e - a scroll of immolation {unknown}
 j - a scroll of teleportation
 k - 2 scrolls of fog {unknown}
 l - a scroll of blinking {unknown}
Potions
 b - a potion of magic
 m - a potion of mutation
 o - a potion of heal wounds {unknown}


   Skills:
 - Level 1.7 Dodging
 - Level 1.7 Stealth
 + Level 3.9 Spellcasting
 + Level 5.3 Conjurations


You had 8 spell levels left.
You knew the following spells:

 Your Spells              Type           Power      Damage    Failure   Level
a - Magic Dart            Conj           92%        1d7       1%          1
b - Searing Ray           Conj           46%        2d6       1%          2

Your spell library contained the following spells:

 Spells                   Type           Power      Damage    Failure   Level
 Apportation              Tloc           6%         N/A       8%          1
 Necrotise                Necr           12%        1d4       8%          1
 Summon Small Mammal      Summ           12%        N/A       8%          1
 Dazzling Flash           Conj/Hex       26%        N/A       8%          3
 Cigotuvi's Dreadful Rot  Necr/Pois/Air  6%         N/A       13%         2
 Vhi's Electric Charge    Tloc/Air       6%         N/A       26%         3
 Fulminant Prism          Conj/Hex       6%         3d7       28%         4
 Iskenderun's Mystic Bla  Conj/Tloc      13%        2d5       28%         4
 Arcjolt                  Conj/Air       6%         1d16      63%         5
 Iron Shot                Conj/Erth      6%         9d2       99%         6
 Plasma Beam              Fire/Air       1%         2x1d12    100%        6


Dungeon Overview and Level Annotations

Branches:
Dungeon (3/15)

Shops:
D:1 [   D:2 :?

Annotations:
D:3 Robin


Innate Abilities, Weirdness & Mutations

You have an increased reservoir of magic. (+10% MP)
You shall have no god before yourself.
Your divine heritage dramatically boosts your attributes as you level up.
Your body sometimes deteriorates upon taking damage.
Your spells are a little easier to cast, but a little less powerful.
You have hidden genetic defects.


Message History

The goblin hits you but does no damage.
You are more poisoned.
You barely miss the goblin.
You feel very sick.
The goblin hits you with a +1 dagger of venom.
You completely miss the goblin.
* * * LOW HITPOINT WARNING * * *
You feel very sick. The goblin barely misses you.
The goblin closely misses you.
Unknown command.
It was a potion of mutation.
You feel extremely strange.
You feel a hidden malignance growing inside you.
You feel yourself wasting away.
Your connection to magic feels subdued.
You feel sick. The goblin hits you with a +0 club.
* * * LOW HITPOINT WARNING * * *
Robin roars a battlecry!
The goblins go into a battle-frenzy!
The goblin closely misses you.
You hear a shout!
Unknown command.
It was a potion of resistance.
You feel protected.
You feel sick.
The quokka bites you but does no damage.
The goblin misses you.
Robin drinks a potion.
Robin flickers and vanishes!
Deactivating autopickup; reactivate with Ctrl-A.
The goblin closely misses you.
It was a potion of flight.
You feel very buoyant.
You fly up into the air.
You feel sick. The quokka barely misses you.
The goblin hits you with a +1 dagger of venom.
* * * LOW HITPOINT WARNING * * *
The goblin hits you with a +0 club.
* * * LOW HITPOINT WARNING * * *
It was a potion of might.
You feel very mighty all of a sudden.
* * * LOW HITPOINT WARNING * * *
You feel sick. The quokka closely misses you.
The goblin hits you with a +1 dagger of venom.
You die... .#.#.+# .PPP

.......♣♣♣..P♣
.#.#.#)..♣.P.♣
......).(.♣..♣
.#.#.#.#†.....#
.........).####
#.#.#.#.#.## ..
.......gg##
..#.#.#.#.#.#@#
...........gr##
#..#.#.#.#.#.#
#.#..........#
#.#.#.#.#.#..#
#.##.........#
####.##........##
#.##..'....†..##
#....##......##


You could see a quokka and 3 goblins.

Vanquished Creatures
  Sigmund (D:2)
  Jessica (D:2)
  Terence (D:2)
  3 worms (D:2)
  2 endoplasms
  A giant cockroach (D:1)
  5 goblins
  9 hobgoblins
  4 kobolds
  2 quokkas
  4 ball pythons
  3 bats
  4 frilled lizards
  A rat (D:3)
41 creatures vanquished.

Notes
Turn   | Place    | Note
-------+----------+-------------------------------------------
     0 | D:1      | McKennaii the Demigod Conjurer began the quest for the Orb.
     0 | D:1      | Reached XP level 1. HP: 14/14 MP: 5/5
   167 | D:1      | Found Atein's Armour Boutique.
   275 | D:1      | Reached XP level 2. HP: 20/20 MP: 1/7
   441 | D:1      | Got the Spellbook of the Raven
   687 | D:2      | Found Ytun's Magic Scroll Shoppe.
   695 | D:2      | Bought a scroll of teleportation for 30 gold pieces
   718 | D:2      | Found Fuqutot's Book Boutique.
   726 | D:2      | Noticed Terence
   761 | D:1      | Learned a level 2 spell: Searing Ray
   917 | D:2      | Noticed Jessica
   921 | D:2      | Killed Jessica
   922 | D:2      | Reached skill level 4 in Conjurations
   922 | D:2      | Reached XP level 3. HP: 19/26 MP: 2/9
  1236 | D:2      | Noticed Sigmund
  1241 | D:2      | Killed Sigmund
  1242 | D:2      | Reached skill level 5 in Conjurations
  1242 | D:2      | Reached XP level 4. HP: 33/33 MP: 3/12
  1242 | D:2      | Reached XP level 5. HP: 38/38 MP: 3/13
  1835 | D:2      | Killed Terence
  2006 | D:3      | Noticed Robin
  2017 | D:3      | Gained mutation: You have hidden genetic defects. [potion
                  | of mutation]
  2017 | D:3      | Gained mutation: Your body sometimes deteriorates upon
                  | taking damage. [potion of mutation]
  2017 | D:3      | Gained mutation: Your spells are a little easier to cast,
                  | but a little less powerful. [potion of mutation]
  2020 | D:3      | HP: 1/38 [poisoned by a goblin]
  2020 | D:3      | Slain by a goblin

Illustrated notes

Levels and vault maps discovered:
D:1:      wander_arrival_estate, layout_rooms, serial_shops, shop
D:2:      layout_loops_ring, serial_shops, shop, shop, uniq_jessica,
          uniq_terence, uniq_sigmund
D:3:      layout_basic, serial_forest, infiniplex_forest_pool,
          infiniplex_forest_end_2, infiniplex_forest_end_2,
          infiniplex_forest_clump_long, hex_medium, minmay_bisected, uniq_robin

Skill      XL: |  1  2  3 |
---------------+----------+-----
Spellcasting   | 2 3 |  3.9
Conjurations   | 4 5 |  5.3
Dodging        | |  1.7
Stealth        | |  1.7

Action                     |  1- 3 |  4- 6 || total
---------------------------+-------+-------++-------
  Melee: Unarmed           |     1 |       ||     1
         Whip              |     2 |       ||     2
         Dagger            |       |     7 ||     7
   Cast: Magic Dart        |    44 |    15 ||    59
         Searing Ray       |     3 |     6 ||     9
    Use: Potion            |       |     4 ||     4
 Armour: Robe              |     2 |     3 ||     5
  Dodge: Dodged            |     5 |    11 ||    16
